Workbook
Name GPpcntDeg: #REF!
Name GPpcntMjr: #REF!
Name GPpcntSCH: #REF!
Name PcntIncr: #REF!
Name UGpcntDeg: #REF!
Name UGpcntMjr: #REF!
Name UGpcntSCH: #REF!

Sheet Instructions & Assumptions
A1: Salary Model Intro - Admin Units
A2: This model is designed to allow administrative units to see the likely amount of GOF & DOF required for salary increases. Note that this is a model, and is only designed to provide the user with a sense of the relative effects of possible changes. Results should be viewed as suggestive rather than perfectly predictive. NOTE: The salary portion of this model is based on budgeted GOF/DOF salaries as of August 2014. The model will be updated monthly through November 2014.
A3: Using the Model
A4: 1 | B4: Enter values you expect on the "Select Salary Changes" tab.
A5: 2 | B5: Go to the "Admin Unit Summary" tab. There you will see the incremental costs for salaries and benefits funded by GOF and DOF.
A6: Model Assumptions
A7: Salaries and Benefits
A8: 1 | B8: Projections of incremental salary costs are based on budgeted FTE and budgeted salaries rather than actuals.
A9: 2 | B9: The projected cost increases take into account the interdependencies between salary and benefits; for example, if the user chooses to increase salaries by 2%, the incremental cost will include the addional benefit expense associated with higher salaries.
A10: 3 | B10: The cost of salary or benefit increases for administrative units on the Seattle campus appear in the "Provost Reinvestment Fund" row on the "Costs & Revenues" worksheet.

Sheet Select Salary Changes
C10: Employee Type | D10: 2015-16 Increase
C11: Faculty | D11: 0.04
C12: Auxiliary Teaching Staff | D12: 0.04
C13: Fellows & Trainees | D13: 0.04
C14: Postdocs | D14: 0.04
C15: Graduate Students | D15: 0.1
C16: Classified Staff | D16: 0.03
C17: Professional Staff | D17: 0.04

Sheet Admin Unit Summary
B1: Expected FY16 GOF & DOF Salary & Benefit Increases (Based on Budgeted Salaries)
B2: Academic Unit | C2: GOF & DOF Salary Increases
A4: 200 | B4: President | C4: =SUMIFS(Calculations!$H$2:$H$49,Calculations!$B$2:$B$49,'Admin Unit Summary'!A4,Calculations!$K$2:$K$49,"1") -> 105635
A5: 201 | B5: ATTORNEY GENERAL | C5: =SUMIFS(Calculations!$H$2:$H$49,Calculations!$B$2:$B$49,'Admin Unit Summary'!A5,Calculations!$K$2:$K$49,"1") -> 17707
A6: 202 | B6: PROVOST | C6: =SUMIFS(Calculations!$H$2:$H$49,Calculations!$B$2:$B$49,'Admin Unit Summary'!A6,Calculations!$K$2:$K$49,"1") -> 580790
A7: 203 | B7: PLANNING & BUDGETING | C7: =SUMIFS(Calculations!$H$2:$H$49,Calculations!$B$2:$B$49,'Admin Unit Summary'!A7,Calculations!$K$2:$K$49,"1") -> 190840
A8: 206 | B8: VP MINORITY AFFAIRS | C8: =SUMIFS(Calculations!$H$2:$H$49,Calculations!$B$2:$B$49,'Admin Unit Summary'!A8,Calculations!$K$2:$K$49,"1") -> 221230
A9: 207 | B9: DEAN OF LIBRARIES | C9: =SUMIFS(Calculations!$H$2:$H$49,Calculations!$B$2:$B$49,'Admin Unit Summary'!A9,Calculations!$K$2:$K$49,"1") -> 663680
A10: 208 | B10: UW FINANCE&FACILITIES | C10: =SUMIFS(Calculations!$H$2:$H$49,Calculations!$B$2:$B$49,'Admin Unit Summary'!A10,Calculations!$K$2:$K$49,"1") -> 2405301
A11: 209 | B11: HUMAN RESOURCES | C11: =SUMIFS(Calculations!$H$2:$H$49,Calculations!$B$2:$B$49,'Admin Unit Summary'!A11,Calculations!$K$2:$K$49,"1") -> 354208
A12: 210 | B12: UW INFO TECH | C12: =SUMIFS(Calculations!$H$2:$H$49,Calculations!$B$2:$B$49,'Admin Unit Summary'!A12,Calculations!$K$2:$K$49,"1") -> 1401889
A13: 212 | B13: VP STUDENT LIFE | C13: =SUMIFS(Calculations!$H$2:$H$49,Calculations!$B$2:$B$49,'Admin Unit Summary'!A13,Calculations!$K$2:$K$49,"1") -> 393424
A14: 214 | B14: EXTERNAL AFFAIRS | C14: =SUMIFS(Calculations!$H$2:$H$49,Calculations!$B$2:$B$49,'Admin Unit Summary'!A14,Calculations!$K$2:$K$49,"1") -> 145735
A15: 215 | B15: VP FOR DEVELOPMENT | C15: =SUMIFS(Calculations!$H$2:$H$49,Calculations!$B$2:$B$49,'Admin Unit Summary'!A15,Calculations!$K$2:$K$49,"1") -> 520105
... A20: 403 | B20: PLANNING & BUDGETING - Central Reserves | C20: =SUMIFS(Calculations!$H$2:$H$49,Calculations!$B$2:$B$49,'Admin Unit Summary'!A20,Calculations!$K$2:$K$49,"1") -> 26254
B21: Total | C21: =SUM(C4:C20) -> 7897269

Sheet Calculations
A1: FISCAL_YEAR | B1: ORG_COLLEGE | C1: ORG_COLLEGE_NAME | D1: P+C_BGT_AMT | E1: S&B | F1: Salary | G1: S+B | H1: Cost Diff | I1: ACCOUNT_CODE_4S | J1: ACCOUNT_CODE_4S_DESCRIPTION | K1: TYPE | L1: TYPE_DESC
A2: =+'Base Data'!A2 -> 2015 | B2: =+'Base Data'!D2 -> 200 | C2: =+'Base Data'!E2 -> President | D2: =+'Base Data'!J2 -> 634008 | E2: =ROUND(LOOKUP($I$2:$I$49,'Category Groupings'!$B$2:$B$9,1+'Category Groupings'!$F$2:$F$9)*D2,0) -> 777928 | F2: =ROUND(LOOKUP($I$2:$I$49,'Category Groupings'!$B$2:$B$9,1+'Category Groupings'!$D$2:$D$9)*Calculations!D2,0) -> 659368 | G2: =ROUND(LOOKUP($I$2:$I$49,'Category Groupings'!$B$2:$B$9,1+'Category Groupings'!$F$2:$F$9)*F2,0) -> 809045 | H2: =+G2-E2 -> 31117 | I2: =+'Base Data'!F2 -> 0110 | J2: =+'Base Data'!G2 -> INSTR/RES FACULTY SAL | K2: =+'Base Data'!H2 -> 1 | L2: =+'Base Data'!I2 -> GOF & DOF
A3: =+'Base Data'!A3 -> 2015 | B3: =+'Base Data'!D3 -> 200 | C3: =+'Base Data'!E3 -> President | D3: =+'Base Data'!J3 -> 1458852 | E3: =ROUND(LOOKUP($I$2:$I$49,'Category Groupings'!$B$2:$B$9,1+'Category Groupings'!$F$2:$F$9)*D3,0) -> 1862954 | F3: =ROUND(LOOKUP($I$2:$I$49,'Category Groupings'!$B$2:$B$9,1+'Category Groupings'!$D$2:$D$9)*Calculations!D3,0) -> 1517206 | G3: =ROUND(LOOKUP($I$2:$I$49,'Category Groupings'!$B$2:$B$9,1+'Category Groupings'!$F$2:$F$9)*F3,0) -> 1937472 | H3: =+G3-E3 -> 74518 | I3: =+'Base Data'!F3 -> 0170 | J3: =+'Base Data'!G3 -> PROFESSIONAL STAFF SAL | K3: =+'Base Data'!H3 -> 1 | L3: =+'Base Data'!I3 -> GOF & DOF
A4: =+'Base Data'!A4 -> 2015 | B4: =+'Base Data'!D4 -> 201 | C4: =+'Base Data'!E4 -> ATTORNEY GENERAL | D4: =+'Base Data'!J4 -> 326028 | E4: =ROUND(LOOKUP($I$2:$I$49,'Category Groupings'!$B$2:$B$9,1+'Category Groupings'!$F$2:$F$9)*D4,0) -> 436225 | F4: =ROUND(LOOKUP($I$2:$I$49,'Category Groupings'!$B$2:$B$9,1+'Category Groupings'!$D$2:$D$9)*Calculations!D4,0) -> 335809 | G4: =ROUND(LOOKUP($I$2:$I$49,'Category Groupings'!$B$2:$B$9,1+'Category Groupings'!$F$2:$F$9)*F4,0) -> 449312 | H4: =+G4-E4 -> 13087 | I4: =+'Base Data'!F4 -> 0160 | J4: =+'Base Data'!G4 -> CLASS (HEPB) STAFF SAL | K4: =+'Base Data'!H4 -> 1 | L4: =+'Base Data'!I4 -> GOF & DOF
A5: =+'Base Data'!A5 -> 2015 | B5: =+'Base Data'!D5 -> 201 | C5: =+'Base Data'!E5 -> ATTORNEY GENERAL | D5: =+'Base Data'!J5 -> 90456 | E5: =ROUND(LOOKUP($I$2:$I$49,'Category Groupings'!$B$2:$B$9,1+'Category Groupings'!$F$2:$F$9)*D5,0) -> 115512 | F5: =ROUND(LOOKUP($I$2:$I$49,'Category Groupings'!$B$2:$B$9,1+'Category Groupings'!$D$2:$D$9)*Calculations!D5,0) -> 94074 | G5: =ROUND(LOOKUP($I$2:$I$49,'Category Groupings'!$B$2:$B$9,1+'Category Groupings'!$F$2:$F$9)*F5,0) -> 120132 | H5: =+G5-E5 -> 4620 | I5: =+'Base Data'!F5 -> 0170 | J5: =+'Base Data'!G5 -> PROFESSIONAL STAFF SAL | K5: =+'Base Data'!H5 -> 1 | L5: =+'Base Data'!I5 -> GOF & DOF
A6: =+'Base Data'!A6 -> 2015 | B6: =+'Base Data'!D6 -> 202 | C6: =+'Base Data'!E6 -> PROVOST | D6: =+'Base Data'!J6 -> 1832668 | E6: =ROUND(LOOKUP($I$2:$I$49,'Category Groupings'!$B$2:$B$9,1+'Category Groupings'!$F$2:$F$9)*D6,0) -> 2248684 | F6: =ROUND(LOOKUP($I$2:$I$49,'Category Groupings'!$B$2:$B$9,1+'Category Groupings'!$D$2:$D$9)*Calculations!D6,0) -> 1905975 | G6: =ROUND(LOOKUP($I$2:$I$49,'Category Groupings'!$B$2:$B$9,1+'Category Groupings'!$F$2:$F$9)*F6,0) -> 2338631 | H6: =+G6-E6 -> 89947 | I6: =+'Base Data'!F6 -> 0110 | J6: =+'Base Data'!G6 -> INSTR/RES FACULTY SAL | K6: =+'Base Data'!H6 -> 1 | L6: =+'Base Data'!I6 -> GOF & DOF
A7: =+'Base Data'!A7 -> 2015 | B7: =+'Base Data'!D7 -> 202 | C7: =+'Base Data'!E7 -> PROVOST | D7: =+'Base Data'!J7 -> 123418 | E7: =ROUND(LOOKUP($I$2:$I$49,'Category Groupings'!$B$2:$B$9,1+'Category Groupings'!$F$2:$F$9)*D7,0) -> 148842 | F7: =ROUND(LOOKUP($I$2:$I$49,'Category Groupings'!$B$2:$B$9,1+'Category Groupings'!$D$2:$D$9)*Calculations!D7,0) -> 135760 | G7: =ROUND(LOOKUP($I$2:$I$49,'Category Groupings'!$B$2:$B$9,1+'Category Groupings'!$F$2:$F$9)*F7,0) -> 163727 | H7: =+G7-E7 -> 14885 | I7: =+'Base Data'!F7 -> 0140 | J7: =+'Base Data'!G7 -> GRAD STD NON-TEACH SAL | K7: =+'Base Data'!H7 -> 1 | L7: =+'Base Data'!I7 -> GOF & DOF
A8: =+'Base Data'!A8 -> 2015 | B8: =+'Base Data'!D8 -> 202 | C8: =+'Base Data'!E8 -> PROVOST | D8: =+'Base Data'!J8 -> 2002968 | E8: =ROUND(LOOKUP($I$2:$I$49,'Category Groupings'!$B$2:$B$9,1+'Category Groupings'!$F$2:$F$9)*D8,0) -> 2679971 | F8: =ROUND(LOOKUP($I$2:$I$49,'Category Groupings'!$B$2:$B$9,1+'Category Groupings'!$D$2:$D$9)*Calculations!D8,0) -> 2063057 | G8: =ROUND(LOOKUP($I$2:$I$49,'Category Groupings'!$B$2:$B$9,1+'Category Groupings'!$F$2:$F$9)*F8,0) -> 2760370 | H8: =+G8-E8 -> 80399 | I8: =+'Base Data'!F8 -> 0160 | J8: =+'Base Data'!G8 -> CLASS (HEPB) STAFF SAL | K8: =+'Base Data'!H8 -> 1 | L8: =+'Base Data'!I8 -> GOF & DOF
A9: =+'Base Data'!A9 -> 2015 | B9: =+'Base Data'!D9 -> 202 | C9: =+'Base Data'!E9 -> PROVOST | D9: =+'Base Data'!J9 -> 7743900 | E9: =ROUND(LOOKUP($I$2:$I$49,'Category Groupings'!$B$2:$B$9,1+'Category Groupings'!$F$2:$F$9)*D9,0) -> 9888960 | F9: =ROUND(LOOKUP($I$2:$I$49,'Category Groupings'!$B$2:$B$9,1+'Category Groupings'!$D$2:$D$9)*Calculations!D9,0) -> 8053656 | G9: =ROUND(LOOKUP($I$2:$I$49,'Category Groupings'!$B$2:$B$9,1+'Category Groupings'!$F$2:$F$9)*F9,0) -> 10284519 | H9: =+G9-E9 -> 395559 | I9: =+'Base Data'!F9 -> 0170 | J9: =+'Base Data'!G9 -> PROFESSIONAL STAFF SAL | K9: =+'Base Data'!H9 -> 1 | L9: =+'Base Data'!I9 -> GOF & DOF
A10: =+'Base Data'!A10 -> 2015 | B10: =+'Base Data'!D10 -> 203 | C10: =+'Base Data'!E10 -> PLANNING & BUDGETING | D10: =+'Base Data'!J10 -> 3736106 | E10: =ROUND(LOOKUP($I$2:$I$49,'Category Groupings'!$B$2:$B$9,1+'Category Groupings'!$F$2:$F$9)*D10,0) -> 4771007 | F10: =ROUND(LOOKUP($I$2:$I$49,'Category Groupings'!$B$2:$B$9,1+'Category Groupings'!$D$2:$D$9)*Calculations!D10,0) -> 3885550 | G10: =ROUND(LOOKUP($I$2:$I$49,'Category Groupings'!$B$2:$B$9,1+'Category Groupings'!$F$2:$F$9)*F10,0) -> 4961847 | H10: =+G10-E10 -> 190840 | I10: =+'Base Data'!F10 -> 0170 | J10: =+'Base Data'!G10 -> PROFESSIONAL STAFF SAL | K10: =+'Base Data'!H10 -> 1 | L10: =+'Base Data'!I10 -> GOF & DOF
A11: =+'Base Data'!A11 -> 2015 | B11: =+'Base Data'!D11 -> 206 | C11: =+'Base Data'!E11 -> VP MINORITY AFFAIRS | D11: =+'Base Data'!J11 -> 17847 | E11: =ROUND(LOOKUP($I$2:$I$49,'Category Groupings'!$B$2:$B$9,1+'Category Groupings'!$F$2:$F$9)*D11,0) -> 21523 | F11: =ROUND(LOOKUP($I$2:$I$49,'Category Groupings'!$B$2:$B$9,1+'Category Groupings'!$D$2:$D$9)*Calculations!D11,0) -> 19632 | G11: =ROUND(LOOKUP($I$2:$I$49,'Category Groupings'!$B$2:$B$9,1+'Category Groupings'!$F$2:$F$9)*F11,0) -> 23676 | H11: =+G11-E11 -> 2153 | I11: =+'Base Data'!F11 -> 0140 | J11: =+'Base Data'!G11 -> GRAD STD NON-TEACH SAL | K11: =+'Base Data'!H11 -> 1 | L11: =+'Base Data'!I11 -> GOF & DOF
A12: =+'Base Data'!A12 -> 2015 | B12: =+'Base Data'!D12 -> 206 | C12: =+'Base Data'!E12 -> VP MINORITY AFFAIRS | D12: =+'Base Data'!J12 -> 414168 | E12: =ROUND(LOOKUP($I$2:$I$49,'Category Groupings'!$B$2:$B$9,1+'Category Groupings'!$F$2:$F$9)*D12,0) -> 554157 | F12: =ROUND(LOOKUP($I$2:$I$49,'Category Groupings'!$B$2:$B$9,1+'Category Groupings'!$D$2:$D$9)*Calculations!D12,0) -> 426593 | G12: =ROUND(LOOKUP($I$2:$I$49,'Category Groupings'!$B$2:$B$9,1+'Category Groupings'!$F$2:$F$9)*F12,0) -> 570781 | H12: =+G12-E12 -> 16624 | I12: =+'Base Data'!F12 -> 0160 | J12: =+'Base Data'!G12 -> CLASS (HEPB) STAFF SAL | K12: =+'Base Data'!H12 -> 1 | L12: =+'Base Data'!I12 -> GOF & DOF
A13: =+'Base Data'!A13 -> 2015 | B13: =+'Base Data'!D13 -> 206 | C13: =+'Base Data'!E13 -> VP MINORITY AFFAIRS | D13: =+'Base Data'!J13 -> 3963442 | E13: =ROUND(LOOKUP($I$2:$I$49,'Category Groupings'!$B$2:$B$9,1+'Category Groupings'!$F$2:$F$9)*D13,0) -> 5061315 | F13: =ROUND(LOOKUP($I$2:$I$49,'Category Groupings'!$B$2:$B$9,1+'Category Groupings'!$D$2:$D$9)*Calculations!D13,0) -> 4121980 | G13: =ROUND(LOOKUP($I$2:$I$49,'Category Groupings'!$B$2:$B$9,1+'Category Groupings'!$F$2:$F$9)*F13,0) -> 5263768 | H13: =+G13-E13 -> 202453 | I13: =+'Base Data'!F13 -> 0170 | J13: =+'Base Data'!G13 -> PROFESSIONAL STAFF SAL | K13: =+'Base Data'!H13 -> 1 | L13: =+'Base Data'!I13 -> GOF & DOF
... A49: =+'Base Data'!A49 -> 2015 | B49: =+'Base Data'!D49 -> 403 | C49: =+'Base Data'!E49 -> PLANNING & BUDGETING | D49: =+'Base Data'!J49 -> 534913 | E49: =ROUND(LOOKUP($I$2:$I$49,'Category Groupings'!$B$2:$B$9,1+'Category Groupings'!$F$2:$F$9)*D49,0) -> 656338 | F49: =ROUND(LOOKUP($I$2:$I$49,'Category Groupings'!$B$2:$B$9,1+'Category Groupings'!$D$2:$D$9)*Calculations!D49,0) -> 556310 | G49: =ROUND(LOOKUP($I$2:$I$49,'Category Groupings'!$B$2:$B$9,1+'Category Groupings'!$F$2:$F$9)*F49,0) -> 682592 | H49: =+G49-E49 -> 26254 | I49: =+'Base Data'!F49 -> 0110 | J49: =+'Base Data'!G49 -> INSTR/RES FACULTY SAL | K49: =+'Base Data'!H49 -> 1 | L49: =+'Base Data'!I49 -> GOF & DOF

Sheet Category Groupings
A1: Category | B1: ACCT CODE | C1: Benefit Rate Used | D1: Salary Increase | E1: Health Care Portion | F1: Full Benefit Rate
A2: INSTR/RES FACULTY SAL | B2: 0110 | C2: =F2-E2 -> 0.161 | D2: ='Select Salary Changes'!D11 -> 0.04 | E2: 0.066 | F2: 0.227
A3: AUX TEACHING STAFF SAL | B3: 0120 | C3: =F3-E3 -> 0.124 | D3: ='Select Salary Changes'!D12 -> 0.04 | E3: 0.143 | F3: 0.267
A4: GRAD SCH STD TEACH SAL | B4: 0130 | C4: =F4-E4 -> 0.012 | D4: ='Select Salary Changes'!D15 -> 0.1 | E4: 0.194 | F4: 0.206
A5: GRAD STD NON-TEACH SAL | B5: 0140 | C5: =F5-E5 -> 0.012 | D5: ='Select Salary Changes'!D15 -> 0.1 | E5: 0.194 | F5: 0.206
A6: POSTDOC RESCH TRAINEES | B6: 0150 | C6: =F6-E6 -> 0 | D6: ='Select Salary Changes'!D14 -> 0.04 | E6: 0.169 | F6: 0.169
A7: CLASS (HEPB) STAFF SAL | B7: 0160 | C7: =F7-E7 -> 0.184 | D7: ='Select Salary Changes'!D16 -> 0.03 | E7: 0.154 | F7: 0.338
A8: PROFESSIONAL STAFF SAL | B8: 0170 | C8: =F8-E8 -> 0.174 | D8: ='Select Salary Changes'!D17 -> 0.04 | E8: 0.103 | F8: 0.277
A9: FELLOWS AND TRAINEES | B9: 0190 | C9: =F9-E9 -> 0 | D9: ='Select Salary Changes'!D13 -> 0.04 | E9: 0.229 | F9: 0.229
A11: * Benefit rates updated 6/24 using latest set from F2. Health care portion includes graduate student health.

Sheet Base Data
A1: FISCAL_YEAR | B1: UNIT | C1: UNIT_DESC | D1: COLL | E1: COLL_NAME | F1: ACCOUNT_CODE_4S | G1: ACCOUNT_CODE_4S_DESCRIPTION | H1: TYPE | I1: TYPE_DESC | J1: SumOfP+C_BGT_AMT
A2: 2015 | B2: NA | C2: NON ACADEMIC | D2: 200 | E2: President | F2: 0110 | G2: INSTR/RES FACULTY SAL | H2: 1 | I2: GOF & DOF | J2: 634008
A3: 2015 | B3: NA | C3: NON ACADEMIC | D3: 200 | E3: President | F3: 0170 | G3: PROFESSIONAL STAFF SAL | H3: 1 | I3: GOF & DOF | J3: 1458852
A4: 2015 | B4: NA | C4: NON ACADEMIC | D4: 201 | E4: ATTORNEY GENERAL | F4: 0160 | G4: CLASS (HEPB) STAFF SAL | H4: 1 | I4: GOF & DOF | J4: 326028
A5: 2015 | B5: NA | C5: NON ACADEMIC | D5: 201 | E5: ATTORNEY GENERAL | F5: 0170 | G5: PROFESSIONAL STAFF SAL | H5: 1 | I5: GOF & DOF | J5: 90456
A6: 2015 | B6: NA | C6: NON ACADEMIC | D6: 202 | E6: PROVOST | F6: 0110 | G6: INSTR/RES FACULTY SAL | H6: 1 | I6: GOF & DOF | J6: 1832668
A7: 2015 | B7: NA | C7: NON ACADEMIC | D7: 202 | E7: PROVOST | F7: 0140 | G7: GRAD STD NON-TEACH SAL | H7: 1 | I7: GOF & DOF | J7: 123418
A8: 2015 | B8: NA | C8: NON ACADEMIC | D8: 202 | E8: PROVOST | F8: 0160 | G8: CLASS (HEPB) STAFF SAL | H8: 1 | I8: GOF & DOF | J8: 2002968
A9: 2015 | B9: NA | C9: NON ACADEMIC | D9: 202 | E9: PROVOST | F9: 0170 | G9: PROFESSIONAL STAFF SAL | H9: 1 | I9: GOF & DOF | J9: 7743900
A10: 2015 | B10: NA | C10: NON ACADEMIC | D10: 203 | E10: PLANNING & BUDGETING | F10: 0170 | G10: PROFESSIONAL STAFF SAL | H10: 1 | I10: GOF & DOF | J10: 3736106
A11: 2015 | B11: NA | C11: NON ACADEMIC | D11: 206 | E11: VP MINORITY AFFAIRS | F11: 0140 | G11: GRAD STD NON-TEACH SAL | H11: 1 | I11: GOF & DOF | J11: 17847
A12: 2015 | B12: NA | C12: NON ACADEMIC | D12: 206 | E12: VP MINORITY AFFAIRS | F12: 0160 | G12: CLASS (HEPB) STAFF SAL | H12: 1 | I12: GOF & DOF | J12: 414168
A13: 2015 | B13: NA | C13: NON ACADEMIC | D13: 206 | E13: VP MINORITY AFFAIRS | F13: 0170 | G13: PROFESSIONAL STAFF SAL | H13: 1 | I13: GOF & DOF | J13: 3963442
... A49: 2015 | B49: CR | C49: CENTRAL RESERVES | D49: 403 | E49: PLANNING & BUDGETING | F49: 0110 | G49: INSTR/RES FACULTY SAL | H49: 1 | I49: GOF & DOF | J49: 534913
